NWL (28 & UNDER)
BISMARK BORDER GUARDS @ CULVER CITY EXTRAS
08/30/2030
 
TOP OF THE 1ST
Bismark Border Guards batting - Pitching for Culver City Extras : RHP Doug Spencer
Pitching: RHP Doug Spencer
Batting: RHB Alfredo Farías 0-0: Swinging Strike
0-1: SINGLE (Groundball, 6) (infield hit)
Batting: RHB Sergio Solíz 0-0: Ball
1-0: Ball
Alfredo Farías steals 2nd base
2-0: Swinging Strike
2-1: Called Strike
2-2: Fly out, F8 (Flyball, 8LM)
Batting: RHB Vincent Braun 0-0: Foul Ball, location: 2F
0-1: Ball
1-1: Foul Ball, location: 2F
1-2: Fly out, F8 (Flyball, 8RD)
Batting: RHB Enrique Soto 0-0: Swinging Strike
0-1: Called Strike
0-2: Ball
1-2: Ball
2-2: Strikes out looking
Top of the 1st over - 0 runs, 1 hit, 0 errors, 1 left on base; Bismark 0 - Culver City 0
BOTTOM OF THE 1ST
Culver City Extras batting - Pitching for Bismark Border Guards : RHP Brandon Sweet
Pitching: RHP Brandon Sweet
Batting: LHB Juan Hinojosa 0-0: Ball
1-0: Called Strike
1-1: Called Strike
1-2: Ball
2-2: Ball
3-2: Fly out, F6 (Popup, 6M)
Batting: SHB Norberto Muńóz 0-0: Foul Ball, location: 2F
0-1: Ball
1-1: Foul Ball, location: 2F
1-2: Ball
2-2: Ball
3-2: SINGLE (Groundball, 4D)
Batting: LHB Carlos Hernández 0-0: Foul Ball, location: 2F
0-1: Foul Ball, location: 2F
0-2: Ball
1-2: Hit by Pitch
Norberto Muńóz to second
Batting: LHB Trey Fitzpatrick 0-0: Ball
1-0: Ball
2-0: Foul Ball, location: 2F
2-1: Fly out, F9 (Flyball, 9LSF)
Batting: LHB Iván Espinosa 0-0: Ball
1-0: Foul Ball, location: 2F
1-1: SINGLE (Groundball, 6) (infield hit)
Norberto Muńóz to third
Carlos Hernández to second
Batting: LHB Joe Spears 0-0: Foul Ball, location: 2F
0-1: Ball
1-1: Foul Ball, location: 2F
1-2: Strikes out looking
Bottom of the 1st over - 0 runs, 2 hits, 0 errors, 3 left on base; Bismark 0 - Culver City 0
TOP OF THE 2ND
Bismark Border Guards batting - Pitching for Culver City Extras : RHP Doug Spencer
Batting: RHB Mario Carranza 0-0: Hit by Pitch
Batting: LHB David Hernández 0-0: Ball
1-0: Called Strike
1-1: Swinging Strike
1-2: Ball
2-2: Strikes out swinging
Batting: RHB Albert Cordero 0-0: Ball
1-0: Swinging Strike
1-1: SINGLE (Groundball, 34D)
Mario Carranza to second
Runner from 2nd tries for 3rd, SAFE, no throw
Batting: RHB Jim Love 0-0: SINGLE (Line Drive, 89M)
Mario Carranza scores
Albert Cordero to second
Batting: RHB José Vidal 0-0: Ball
1-0: Ball
2-0: Ball
3-0: Base on Balls
Albert Cordero to third
Jim Love to second
Batting: RHB Alfredo Farías 0-0: Called Strike
0-1: Ball
1-1: Called Strike
1-2: Foul Ball, location: 2F
1-2: Ball
2-2: Foul Ball, location: 2F
2-2: SINGLE (Groundball, 34D)
Albert Cordero scores
Jim Love to third
José Vidal to second
Batting: RHB Sergio Solíz 0-0: Ball
1-0: Ball
2-0: SINGLE (Line Drive, 56D)
Jim Love scores
José Vidal to third
Alfredo Farías to second
Batting: RHB Vincent Braun 0-0: Ball
1-0: Ball
2-0: SINGLE (Line Drive, 56D)
José Vidal scores
Alfredo Farías to third
Sergio Solíz to second
Runner from 3rd tries for Home, SAFE, throw made home
Batting: RHB Enrique Soto 0-0: Ball
1-0: Ball
2-0: Ball
3-0: Called Strike
3-1: Base on Balls
Sergio Solíz to third
Vincent Braun to second
Batting: RHB Mario Carranza 0-0: Ball
1-0: Foul Ball, location: 2F
1-1: Ball
2-1: Swinging Strike
2-2: Strikes out swinging
Batting: LHB David Hernández 0-0: SINGLE (Groundball, 3L) (infield hit)
Sergio Solíz scores
Vincent Braun to third
Enrique Soto to second
Batting: RHB Albert Cordero 0-0: Called Strike
0-1: Fly out, F9 (Flyball, 89M)
Top of the 2nd over - 6 runs, 6 hits, 0 errors, 3 left on base; Bismark 6 - Culver City 0
BOTTOM OF THE 2ND
Culver City Extras batting - Pitching for Bismark Border Guards : RHP Brandon Sweet
Batting: LHB Francisco Chavero 0-0: Called Strike
0-1: Ball
1-1: Foul Ball, location: 2F
1-2: Fly out, F5 (Popup, 56)
Batting: RHB John Stevens 0-0: Ball
1-0: Foul Ball, location: 2F
1-1: Called Strike
1-2: Foul Ball, location: 2F
1-2: Ball
2-2: Foul Ball, location: 2F
2-2: Foul Ball, location: 2F
2-2: Foul Ball, location: 2F
2-2: Foul Ball, location: 2F
2-2: Ball
3-2: Base on Balls
Batting: SHB Joey Boyd 0-0: Fly out, F7 (Flyball, 7LS)
Batting: LHB Juan Hinojosa 0-0: Ball
1-0: Ground out 4-3 (Groundball, 4)
Bottom of the 2nd over - 0 runs, 0 hits, 0 errors, 1 left on base; Bismark 6 - Culver City 0
TOP OF THE 3RD
Bismark Border Guards batting - Pitching for Culver City Extras : RHP Doug Spencer
Batting: RHB Jim Love 0-0: Called Strike
0-1: Ball
1-1: Ball
2-1: Foul Ball, location: 2F
2-2: Strikes out swinging
Batting: RHB José Vidal 0-0: Ball
1-0: Ball
2-0: Ball
3-0: Foul Ball, location: 2F
3-1: Base on Balls
Batting: RHB Alfredo Farías 0-0: Fly out, F8 (Flyball, 8RD)
Batting: RHB Sergio Solíz 0-0: Ball
1-0: Ball
2-0: Ball
3-0: Called Strike
3-1: Base on Balls
José Vidal to second
Batting: RHB Vincent Braun 0-0: Ball
1-0: Called Strike
1-1: Ball
2-1: SINGLE (Groundball, 6MD)
José Vidal to third
Sergio Solíz to second
Runner from 3rd tries for Home, SAFE, no throw
Batting: RHB Enrique Soto 0-0: Foul Ball, location: 2F
0-1: Fly out, F7 (Flyball, 7LMF)
Top of the 3rd over - 1 run, 1 hit, 0 errors, 2 left on base; Bismark 7 - Culver City 0
BOTTOM OF THE 3RD
Culver City Extras batting - Pitching for Bismark Border Guards : RHP Brandon Sweet
Batting: SHB Norberto Muńóz 0-0: Ball
1-0: Ball
2-0: Swinging Strike
2-1: Ball
3-1: DOUBLE (Line Drive, 89D)
Batting: LHB Carlos Hernández 0-0: Ball
1-0: Ball
2-0: Ball
3-0: Called Strike
3-1: Base on Balls
Batting: LHB Trey Fitzpatrick 0-0: Foul Ball, location: 2F
0-1: Ball
1-1: Swinging Strike
1-2: Strikes out swinging
Batting: LHB Iván Espinosa 0-0: Foul Ball, location: 2F
0-1: SINGLE (Groundball, 4S) (infield hit)
Norberto Muńóz to third
Carlos Hernández to second
Batting: LHB Joe Spears 0-0: Fly out, F6 (Popup, 6)
Batting: LHB Francisco Chavero 0-0: Ball
1-0: Ball
2-0: Ball
3-0: Base on Balls
Norberto Muńóz scores
Carlos Hernández to third
Iván Espinosa to second
Batting: RHB John Stevens 0-0: Ball
1-0: Called Strike
1-1: Ball
2-1: Called Strike
2-2: GRAND SLAM HOME RUN (Flyball, 7D), Distance : 357 ft
Batting: SHB Joey Boyd 0-0: Ball
1-0: Called Strike
1-1: Ground out 4-3 (Groundball, 4)
Bottom of the 3rd over - 5 runs, 3 hits, 0 errors, 0 left on base; Bismark 7 - Culver City 5
TOP OF THE 4TH
Bismark Border Guards batting - Pitching for Culver City Extras : RHP Doug Spencer
Pitching: RHP Mauro Martínez
Batting: RHB Mario Carranza 0-0: Ball
1-0: Called Strike
1-1: Called Strike
1-2: Ball
2-2: Ball
3-2: SINGLE (Line Drive, 8RS)
Batting: LHB David Hernández 0-0: Called Strike
0-1: SINGLE (Groundball, 34D)
Mario Carranza to second
Runner from 2nd tries for 3rd, SAFE, throw made to third
Batting: RHB Albert Cordero 0-0: Ball
1-0: Called Strike
1-1: Foul Ball, location: 2F
1-2: Foul Ball, location: 2F
1-2: Ball
2-2: Ball
3-2: SINGLE (Flyball, 89S)
Mario Carranza scores
David Hernández to second
Runner from 2nd tries for 3rd, SAFE, no throw
Batting: RHB Jim Love 0-0: Ball
1-0: DOUBLE (Line Drive, 7LM)
David Hernández scores
Albert Cordero to third
Batting: RHB José Vidal 0-0: Ball
1-0: Fly out, F1 (Line Drive, 13)
Batting: RHB Alfredo Farías 0-0: Ball
1-0: Ground out 1-3 (Groundball, 13)
Batting: RHB Sergio Solíz 0-0: Foul Ball, location: 2F
0-1: Ball
1-1: Ball
2-1: Swinging Strike
2-2: Strikes out swinging
Top of the 4th over - 2 runs, 4 hits, 0 errors, 2 left on base; Bismark 9 - Culver City 5
BOTTOM OF THE 4TH
Culver City Extras batting - Pitching for Bismark Border Guards : RHP Brandon Sweet
Batting: LHB Juan Hinojosa 0-0: Called Strike
0-1: Swinging Strike
0-2: Ball
1-2: Ball
2-2: Foul Ball, location: 2F
2-2: Ball
3-2: Foul Ball, location: 2F
3-2: Strikes out swinging, 2-3 out at first.
Batting: SHB Norberto Muńóz 0-0: Ball
1-0: Called Strike
1-1: Swinging Strike
1-2: Foul Ball, location: 2F
1-2: Ball
2-2: Ball
3-2: Base on Balls
Batting: LHB Carlos Hernández 0-0: Grounds into double play, 4-6-3 (Groundball, 4)
Bottom of the 4th over - 0 runs, 0 hits, 0 errors, 0 left on base; Bismark 9 - Culver City 5
TOP OF THE 5TH
Bismark Border Guards batting - Pitching for Culver City Extras : RHP Mauro Martínez
Batting: RHB Vincent Braun 0-0: Fly out, F2 (Popup, 2R)
Batting: RHB Enrique Soto 0-0: Ground out 6-3 (Groundball, 6)
Batting: RHB Mario Carranza 0-0: Called Strike
0-1: Foul Ball, location: 2F
0-2: Strikes out swinging
Top of the 5th over - 0 runs, 0 hits, 0 errors, 0 left on base; Bismark 9 - Culver City 5
BOTTOM OF THE 5TH
Culver City Extras batting - Pitching for Bismark Border Guards : RHP Brandon Sweet
Batting: LHB Trey Fitzpatrick 0-0: Ball
1-0: Called Strike
1-1: Ball
2-1: Called Strike
2-2: Foul Ball, location: 2F
2-2: Foul Ball, location: 2F
2-2: Strikes out swinging
Batting: LHB Iván Espinosa 0-0: Called Strike
0-1: Ball
1-1: Called Strike
1-2: Ball
2-2: Ball
3-2: Base on Balls
Batting: LHB Joe Spears 0-0: Called Strike
0-1: Ball
1-1: Ball
2-1: Ball
3-1: Called Strike
3-2: Fly out, F3 (Popup, 3F)
Batting: LHB Francisco Chavero 0-0: Ball
1-0: Ball
Wild Pitch!
Iván Espinosa to second
2-0: Foul Ball, location: 2F
2-1: Ball
3-1: Base on Balls
Pitching: RHP Ryan Thompson
Batting: RHB John Stevens 0-0: Foul Ball, location: 2F
0-1: Ball
1-1: Ball
2-1: Foul Ball, location: 2F
2-2: Foul Ball, location: 2F
2-2: Foul Ball, location: 2F
2-2: SINGLE (Line Drive, 89M)
Iván Espinosa to third
Francisco Chavero to second
Runner from 3rd tries for Home, SAFE, no throw
Batting: SHB Joey Boyd 0-0: Called Strike
0-1: Ball
1-1: Fly out, F7 (Flyball, 78M)
Bottom of the 5th over - 1 run, 1 hit, 0 errors, 2 left on base; Bismark 9 - Culver City 6
TOP OF THE 6TH
Bismark Border Guards batting - Pitching for Culver City Extras : RHP Mauro Martínez
Batting: LHB David Hernández 0-0: Foul Ball, location: 2F
0-1: SINGLE (Groundball, 34D)
Pitching: LHP Miguel Pazo
Batting: RHB Albert Cordero 0-0: Called Strike
0-1: Ball
1-1: Foul Ball, location: 2F
1-2: Ball
2-2: Ball
3-2: Foul Ball, location: 2F
3-2: Foul Ball, location: 2F
3-2: Base on Balls
David Hernández to second
Batting: RHB Jim Love 0-0: Ball
1-0: Foul Ball, location: 2F
1-1: Foul Ball, location: 2F
1-2: Strikes out swinging
Batting: RHB José Vidal 0-0: DOUBLE (Groundball, 5L)
David Hernández scores
Albert Cordero to third
Batting: RHB Alfredo Farías 0-0: Foul Ball, location: 2F
0-1: Ground out 6-3 (Groundball, 6S)
Batting: RHB Sergio Solíz 0-0: Ball
1-0: Ball
2-0: Ball
3-0: Base on Balls
Batting: RHB Vincent Braun 0-0: SINGLE (Line Drive, 7S)
Albert Cordero scores
José Vidal to third
Sergio Solíz to second
Runner from 3rd tries for Home, SAFE, no throw
Batting: RHB Enrique Soto 0-0: Fly out, F9 (Flyball, 89D)
Top of the 6th over - 3 runs, 3 hits, 0 errors, 2 left on base; Bismark 12 - Culver City 6
BOTTOM OF THE 6TH
Culver City Extras batting - Pitching for Bismark Border Guards : RHP Ryan Thompson
Batting: LHB Juan Hinojosa 0-0: Called Strike
0-1: Ball
1-1: Foul Ball, location: 2F
1-2: Ball
2-2: Ball
3-2: Ground out 4-3 (Groundball, 4)
Batting: SHB Norberto Muńóz 0-0: Called Strike
0-1: Foul Ball, location: 2F
0-2: Foul Ball, location: 2F
0-2: Ground out 5-3 (Groundball, 56)
Batting: LHB Carlos Hernández 0-0: Ground out 5-3 (Groundball, 5L)
Bottom of the 6th over - 0 runs, 0 hits, 0 errors, 0 left on base; Bismark 12 - Culver City 6
TOP OF THE 7TH
Bismark Border Guards batting - Pitching for Culver City Extras : LHP Miguel Pazo
Batting: RHB Mario Carranza 0-0: Ball
1-0: Ball
2-0: Swinging Strike
2-1: Ground out 3-1 (Groundball, 34)
Batting: LHB David Hernández 0-0: Foul Ball, location: 2F
0-1: Ball
1-1: Called Strike
1-2: Strikes out swinging
Batting: RHB Albert Cordero 0-0: Ball
1-0: Ball
2-0: Called Strike
2-1: Foul Ball, location: 2F
2-2: Ball
3-2: SOLO HOME RUN (Flyball, 7D), Distance : 359 ft
Batting: RHB Jim Love 0-0: Called Strike
0-1: Foul Ball, location: 2F
0-2: Ball
1-2: Strikes out looking
Top of the 7th over - 1 run, 1 hit, 0 errors, 0 left on base; Bismark 13 - Culver City 6
BOTTOM OF THE 7TH
Culver City Extras batting - Pitching for Bismark Border Guards : RHP Ryan Thompson
Batting: LHB Trey Fitzpatrick 0-0: Hit by Pitch
Batting: LHB Iván Espinosa 0-0: Ball
1-0: Ball
2-0: Foul Ball, location: 2F
2-1: Ball
3-1: Base on Balls
Trey Fitzpatrick to second
Batting: LHB Joe Spears 0-0: Called Strike
0-1: Foul Ball, location: 2F
0-2: Strikes out swinging
Batting: LHB Francisco Chavero 0-0: Ground out U3 (Groundball, 3S)
Trey Fitzpatrick to third
Iván Espinosa to second
Batting: RHB John Stevens 0-0: Ball
1-0: Ball
2-0: Ball
3-0: Base on Balls
Batting: SHB Joey Boyd 0-0: Fly out, F9 (Flyball, 89M)
Bottom of the 7th over - 0 runs, 0 hits, 0 errors, 3 left on base; Bismark 13 - Culver City 6
TOP OF THE 8TH
Bismark Border Guards batting - Pitching for Culver City Extras : LHP Miguel Pazo
Batting: RHB José Vidal 0-0: Called Strike
0-1: Ball
1-1: Ball
2-1: Fly out, F5 (Line Drive, 5)
Batting: RHB Alfredo Farías 0-0: Foul Ball, location: 2F
0-1: Ground out 4-3 (Groundball, 4)
Batting: RHB Sergio Solíz 0-0: Foul Ball, location: 2F
0-1: Foul Ball, location: 2F
0-2: Foul Ball, location: 2F
0-2: Ball
1-2: Ball
2-2: SINGLE (Line Drive, 9LS)
Batting: RHB Vincent Braun 0-0: Ball
Wild Pitch!
Sergio Solíz to second
1-0: Swinging Strike
1-1: Ball
2-1: Swinging Strike
2-2: Foul Ball, location: 2F
2-2: Fly out, F8 (Flyball, 8RD)
Top of the 8th over - 0 runs, 1 hit, 0 errors, 1 left on base; Bismark 13 - Culver City 6
BOTTOM OF THE 8TH
Culver City Extras batting - Pitching for Bismark Border Guards : RHP Ryan Thompson
Now at 1B: António Martínez
Batting: LHB Juan Hinojosa 0-0: Ball
1-0: Called Strike
1-1: Ball
2-1: Foul Ball, location: 2F
2-2: Foul Ball, location: 2F
2-2: Foul Ball, location: 2F
2-2: Foul Ball, location: 2F
2-2: Fly out, F7 (Flyball, 7LMF)
Batting: SHB Norberto Muńóz 0-0: Ball
1-0: Ball
2-0: Swinging Strike
2-1: Foul Ball, location: 2F
2-2: Foul Ball, location: 2F
2-2: Ball
3-2: Base on Balls
Batting: LHB Carlos Hernández 0-0: Ball
1-0: Called Strike
1-1: Foul Ball, location: 2F
1-2: Ball
2-2: Foul Ball, location: 2F
2-2: Ball
3-2: Strikes out swinging
Batting: LHB Trey Fitzpatrick 0-0: Ball
1-0: Ground out 4-3 (Groundball, 4)
Bottom of the 8th over - 0 runs, 0 hits, 0 errors, 1 left on base; Bismark 13 - Culver City 6
TOP OF THE 9TH
Bismark Border Guards batting - Pitching for Culver City Extras : LHP Miguel Pazo
Pitching: RHP José García
Batting: RHB Enrique Soto 0-0: Foul Ball, location: 2F
0-1: Swinging Strike
0-2: Strikes out swinging
Batting: RHB Mario Carranza 0-0: Ball
1-0: Ball
2-0: Ball
3-0: Base on Balls
Batting: LHB David Hernández Pickoff Throw to First - Out!
0-0: Ball
1-0: Swinging Strike
1-1: Foul Ball, location: 2F
1-2: Ball
2-2: Foul Ball, location: 2F
2-2: Foul Ball, location: 2F
2-2: Foul Ball, location: 2F
2-2: Ball
3-2: Fly out, F6 (Popup, 6)
Top of the 9th over - 0 runs, 0 hits, 0 errors, 0 left on base; Bismark 13 - Culver City 6
BOTTOM OF THE 9TH
Culver City Extras batting - Pitching for Bismark Border Guards : RHP Ryan Thompson
Now in LF: Oliver Sánchez
Batting: LHB Iván Espinosa 0-0: Foul Ball, location: 2F
0-1: Swinging Strike
0-2: Ball
1-2: Ball
2-2: SOLO HOME RUN (Flyball, 78XD), Distance : 395 ft
Batting: LHB Joe Spears 0-0: Ball
1-0: Called Strike
1-1: Called Strike
1-2: Foul Ball, location: 2F
1-2: Strikes out swinging
Pitching: RHP Miguel Valenzuela
Batting: LHB Francisco Chavero 0-0: Ball
1-0: Ball
2-0: Ball
3-0: Called Strike
3-1: Called Strike
3-2: Base on Balls
Batting: RHB John Stevens 0-0: Called Strike
0-1: Ball
1-1: Ball
2-1: Grounds into double play, 6-4-3 (Groundball, 6)
Bottom of the 9th over - 1 run, 1 hit, 0 errors, 0 left on base; Bismark 13 - Culver City 7
Saturday, April 7th, 2018 - OOTP Baseball 18.8 Build 76